 Dungeon Crawl Stone Soup version 0.30-a0-389-g8d7d949f56 (webtiles) character file.

Game seed: 2112664335492624090

92166 jfcaron the Victor of a Thousand Battles (level 16, -2/125 HPs)
             Began as a Gnoll Hexslinger on Nov 29, 2022.
             Was the Champion of Okawaru.
             Blown up by a sun moth (44 damage)
             ... with a bolt of energy
             ... on level 1 of the Spider Nest on Dec 4, 2022.
             The game lasted 02:17:07 (31559 turns).

jfcaron the Victor of a Thousand Battles (GnHs)    Turns: 31559, Time: 02:17:07

Health: -2/125     AC: 32    Str: 28    XL:     16   Next: 5%
Magic:  40/40      EV: 14    Int: 15    God:    Okawaru [******]
Gold:   538        SH:  7    Dex: 14    Spells: 8/37 levels left

rFire   . . .      SeeInvis .    V - +11 dagger of Scuffed Honour {drain, Will+}
rCold   . . .      Faith    .    Y - +0 buckler
rNeg    + . .      Spirit   .    F - +6 shadow dragon scales of Ehananin {Str+7 Stlth++++}
rPois   +          Reflect  .    Z - +0 helmet
rElec   +          Harm     .    D - +2 cloak {Will+}
rCorr   +          Rampage  .    u - +2 pair of gloves {Str+3}
Will    +++..                    B - +0 pair of boots
Stlth   +++.......               y - amulet of the acrobat
HPRegen 0.40/turn                R - ring of Xom's Attic {rElec rN+ rCorr MP+9 Str+4}
MPRegen 0.27/turn                X - ring of poison resistance

@: glowing
A: fangs 1, strong nose, distributed training, subdued magic 1
a: Renounce Religion, Heroism, Finesse, Duel


You were on level 1 of the Spider Nest.
You worshipped Okawaru.
Okawaru was exalted by your worship.
You visited 4 branches of the dungeon, and saw 23 of its levels.
You also visited: Sewer, Bailey and Ice Cave.

You collected 2527 gold pieces.
You spent 1989 gold pieces at shops.

Inventory:

Hand Weapons
 a - the +3 greatsling "Punk" {acid, rCorr}
   (You bought it in a shop on level 2 of the Orcish Mines)

   Any ammunition fired from it is coated in acid, damaging and corroding those
   it strikes.
   rCorr:     It protects you from acid and corrosion.
 b - a +5 quick blade of venom
 l - a +3 long sword of freezing
 I - a +1 flail of holy wrath
 T - a +2 short sword of electrocution
 V - the +11 dagger of Scuffed Honour (weapon) {drain, Will+}
   (Okawaru gifted it to you on level 14 of the Dungeon)

   A truly terrible weapon, it drains the life of any living foe it strikes.
   Will:      It increases your willpower.
Missiles
 c - 6 silver javelins (quivered) {!f}
 o - 5 curare-tipped darts {!f}
 A - a datura-tipped dart {!f}
 E - 2 atropa-tipped darts {!f}
 J - 3 throwing nets {!f}
 P - 13 boomerangs
 S - 6 javelins
Armour
 u - a +2 pair of gloves of strength (worn)
 B - a +0 pair of boots (worn)
 D - a +2 cloak of willpower (worn)
 F - the +6 shadow dragon scales of Ehananin (worn) {Str+7 Stlth++++}
   (You found it on level 5 of the Lair of Beasts)

   Str:       It affects your strength (+7).
   Stlth:     It makes you much more stealthy.
 Y - a +0 buckler (worn)
 Z - a +0 helmet (worn)
Jewellery
 j - a ring of protection from fire
 y - an amulet of the acrobat (around neck)
 K - a ring of protection from cold
 R - the ring of Xom's Attic (left hand) {rElec rN+ rCorr MP+9 Str+4}
   (You acquired it in a bailey)

   [ring of resist corrosion]

   Str:       It affects your strength (+4).
   rElec:     It insulates you from electricity.
   rN:        It protects you from negative energy.
   MP:        It affects your magic capacity (+9).
   rCorr:     It protects you from acid and corrosion.
 X - a ring of poison resistance (right hand)
Wands
 d - a wand of mindburst (9)
 m - a wand of paralysis (6)
 q - a wand of digging (10)
 H - a wand of light (3)
 O - a wand of polymorph (14)
Scrolls
 e - 3 scrolls of immolation
 f - 3 scrolls of fear
 g - 9 scrolls of teleportation
 h - 7 scrolls of vulnerability
 C - 2 scrolls of poison
 G - a scroll of blinking
 W - 2 scrolls of magic mapping
Potions
 i - 2 potions of attraction
 k - 10 potions of flight
 n - 6 potions of haste
 r - 4 potions of might
 s - a potion of berserk rage
 t - 14 potions of heal wounds
 w - 22 potions of curing
 x - 3 potions of resistance
 z - a potion of invisibility
 L - 6 potions of brilliance
 M - 3 potions of magic
 N - 2 potions of lignification
Miscellaneous
 Q - a phial of floods
 U - a lightning rod (1/4)


   Skills:
 + Level 11.3 Fighting
 + Level 11.0 Short Blades
 + Level 11.0 Long Blades
 + Level 11.0 Axes
 + Level 11.0 Maces & Flails
 + Level 11.0 Polearms
 + Level 11.0 Staves
 + Level 11.9 Ranged Weapons
 + Level 11.0 Throwing
 + Level 11.0 Armour
 + Level 11.9 Dodging
 + Level 11.0 Stealth
 + Level 11.0 Shields
 + Level 11.0 Unarmed Combat
 + Level 11.3 Spellcasting
 + Level 9.2 Conjurations
 + Level 10.7 Hexes
 + Level 9.2 Summonings
 + Level 9.2 Necromancy
 + Level 9.2 Translocations
 + Level 9.2 Transmutations
 + Level 9.2 Fire Magic
 + Level 9.2 Ice Magic
 + Level 9.2 Air Magic
 + Level 9.2 Earth Magic
 + Level 9.2 Poison Magic
 + Level 11.9 Invocations
 + Level 11.0 Evocations


You had 8 spell levels left.
You knew the following spells:

 Your Spells              Type           Power      Damage    Failure   Level
a - Slow                  Hex            100%       N/A       1%          1
b - Tukima's Dance        Hex            31%        N/A       1%          3
c - Poisonous Vapours     Pois/Air       54%        N/A       1%          2
d - Inner Flame           Hex/Fire       29%        N/A       1%          3
e - Cause Fear            Hex            15%        N/A       3%          4
f - Ignite Poison         Fire/Tmut/Pois 27%        N/A       1%          3
g - Mephitic Cloud        Conj/Pois/Air  27%        N/A       1%          3
h - Yara's Violent Unrav  Hex/Tmut       14%        3d7       16%         5
i - Borgnjor's Vile Clut  Necr/Erth      13%        N/A       22%         5

Your spell library contained the following spells:

 Spells                   Type           Power      Damage    Failure   Level
 Sting                    Tmut/Pois      100%       1d8       1%          1
 Cigotuvi's Dreadful Rot  Necr/Pois/Air  54%        N/A       1%          2
 Ensorcelled Hibernation  Hex/Ice        58%        N/A       1%          2
 Passwall                 Tmut/Erth      22%        N/A       1%          2
 Static Discharge         Conj/Air       54%        2-5/arc   1%          2
 Dazzling Flash           Conj/Hex       58%        N/A       1%          3
 Gell's Gravitas          Tloc           27%        N/A       1%          3
 Hailstorm                Conj/Ice       27%        3d7       1%          3
 Kindle Blastsparks       Fire/Tloc/Air  54%        2d14      1%          3
 Lesser Beckoning         Tloc           54%        N/A       1%          3
 Portal Projectile        Hex/Tloc       58%        N/A       1%          3
 Swiftness                Air            27%        N/A       1%          3
 Teleport Other           Tloc           27%        N/A       1%          3
 Vhi's Electric Charge    Tloc/Air       54%        N/A       1%          3
 Ice Form                 Ice/Tmut       27%        N/A       8%          4
 Sticky Flame             Conj/Fire      27%        2d5       8%          4
 Silence                  Hex/Air        14%        N/A       16%         5
 Agony                    Necr           27%        N/A       22%         5
 Arcjolt                  Conj/Air       13%        1d23      22%         5
 Blade Hands              Tmut           13%        N/A       22%         5
 Freezing Cloud           Conj/Ice/Air   13%        6-21      22%         5
 Lightning Bolt           Conj/Air       13%        1d27      22%         5
 Statue Form              Tmut/Erth      18%        N/A       78%         6
 Discord                  Hex            15%        N/A       100%        8
 Ignition                 Fire           13%        3d6       100%        8
 Shatter                  Erth           13%        3d14*     100%        9
 Animate Dead             Necr           Unusable   N/A       N/A         4
 Death Channel            Necr           Unusable   N/A       N/A         6
 Simulacrum               Ice/Necr       Unusable   N/A       N/A         6

Dungeon Overview and Level Annotations

Branches:
Dungeon (15/15)            Temple (0/1) D:6            Lair (5/5) D:8
 Shoals (0/4) Lair:3       Spider (1/4) Lair:2        Slime (0/5) Lair:4
    Orc (2/2) D:10            Elf (0/3) Orc:2        Vaults (0/5) D:14
 Depths (0/4) D:15          Sewer (visited)          Bailey (visited)
  IceCv (visited)

Altars:
Elyvilon
Gozag
Kikubaaqudgha
Makhleb
Okawaru
Ru
Trog
Uskayaw
Wu Jian
Xom
Yredelemnul
Zin
The Shining One
Jiyva

Shops:
D:3 ?   D:5 (   D:8 [   D:10 =   D:12 *   Orc:1 *   Orc:2 [([(


Innate Abilities, Weirdness & Mutations

You have very sharp teeth.
Your uncanny sense of smell can sniff out nearby items.
Your experience applies equally to all skills.
Your spells are a little easier to cast, but a little less powerful.


Message History

Really walk into that cloud of freezing vapour? [Y]es or [N]o only, please.
Really walk into that cloud of freezing vapour? [Y]es or [N]o only, please.
Really walk into that cloud of freezing vapour?
Okay, then.
The sun moth throws energy at you. The bolt of energy hits you!
You puncture the sun moth! Your bite misses the sun moth.
The sun moth is heavily wounded.
You puncture the sun moth!
The sun moth is severely wounded.
The sun moth bites you!
You are covered in liquid flames.
You are covered in liquid flames!
You barely miss the sun moth.
The sun moth is severely wounded.
You are covered in liquid flames!
You hit the sun moth.
You bite the sun moth, but do no damage.
The sun moth is almost dead.
You are covered in liquid flames!
You block the sun moth's attack.
You hit the sun moth.
The sun moth is almost dead.
You are covered in liquid flames!
You are no longer on fire.
The sun moth misses you.
You barely miss the sun moth.
The sun moth is almost dead.
You hit the sun moth but do no damage.
You bite the sun moth, but do no damage.
The sun moth is almost dead.
You block the sun moth's attack.
You closely miss the sun moth.
The sun moth is almost dead.
You barely miss the sun moth.
The sun moth is almost dead.
The sun moth throws energy at you. The bolt of energy hits you!!!
You die...

#.....##..#^.....†#
#........†#..######
#...####.†.......#
................##
...#....#####..##..
#........#.#.......
#.#.#.....[...#....
# #.........#....^.
####....y@.~###..
#..#..###..##~
.....#... ...#
....##.... .##
#.... ##..## #
...^. .#.. . .. .
...


You could see a sun moth (very poisoned).

Vanquished Creatures
  Rupert (Orc:1)
  A frost giant (IceCv)
  An orc warlord (Orc:2)
  A dire elephant (D:15)
  Azrael (Orc:2)
  Erolcha (D:9)
  2 hydras
  A catoblepas (Lair:5)
  3 centaur warriors
  2 boulder beetles
  19 death yaks
  5 two-headed ogres
  A deep troll shaman (Lair:5)
  A tengu warrior (D:15)
  An orc high priest (Bailey)
  2 pharaoh ants (Spider:1)
  3 skeletal warriors (D:13)
  A shadow wraith (D:14)
  5 orc knights
  A deep elf pyromancer (D:13)
  4 orc sorcerers
  An oklob plant (Lair:1)
  9 ugly things
  A moth of wrath (Bailey)
  A salamander (D:15)
  3 manticores
  7 elephants
  5 cyclopes
  7 black mambas
  An ice statue (IceCv)
  2 gargoyles (D:12)
  A torpor snail (Lair:4)
  12 cane toads
  An eye of devastation (Lair:4)
  5 komodo dragons
  A yaktaur (shapeshifter) (D:14)
  3 kobold demonologists
  8 rime drakes (IceCv)
  A demonic crawler (Spider:1)
  A tengu conjurer (D:15)
  2 ice devils (Lair:5)
  5 trolls
  Grinder (D:6)
  9 polar bears
  8 slime creatures
  A tarantella (Spider:1)
  6 dream sheep (Lair:3)
  8 blink frogs
  2 centaur simulacra
  Sigmund (D:6)
  2 culicivoras
  A shadow (D:11)
  A wraith (D:11)
  The ghost of lokiplouj the Trooper, an amateur MiBe of Trog (D:4)
  2 wyverns
  2 basilisks (Lair:4)
  61 yaks
  An unseen horror simulacrum (D:10)
  5 fire elementals
  4 redbacks (Spider:1)
  5 vampire mosquitoes
  3 dancing weapons
  5 wargs
  A hell hound (Orc:2)
  7 water moccasins
  Duvessa (D:6)
  A floating eye (Lair:4)
  A sky beast (D:8)
  3 ice beasts
  10 ogres
  5 black bears
  30 orc warriors
  20 wolves
  14 centaurs
  A phantom (D:5)
  4 kobold brigands
  Blork the orc (D:4)
  15 bullfrogs
  2 scorpions
  A gnoll sergeant (D:9)
  18 wights
  Dowan (D:6)
  5 howler monkeys
  7 electric eels
  22 orc priests
  3 hounds
  8 jellies
  2 gnoll boudas
  Ijyb (D:5)
  5 hell rats (Lair:2)
  2 iguanas (D:6)
  29 orc wizards
  17 gnolls
  4 adders
  9 river rats
  6 white imps
  3 ufetubi
  3 worms
  3 dart slugs
  89 orcs
  7 bats
  16 endoplasms
  2 giant cockroaches (D:1)
  14 goblins
  11 hobgoblins
  4 jackals (D:1)
  21 kobolds
  4 quokkas
  9 ball pythons
  5 frilled lizards
  12 rats
  36 fungi
  37 plants
795 creatures vanquished.

Notes
Turn   | Place    | Note
-------+----------+-------------------------------------------
     0 | D:1      | jfcaron the Gnoll Hexslinger began the quest for the Orb.
     0 | D:1      | Reached XP level 1. HP: 17/17 MP: 4/4
   165 | D:1      | Reached XP level 2. HP: 23/23 MP: 5/5
   417 | D:1      | Reached XP level 3. HP: 28/28 MP: 7/7
   574 | D:1      | Learned a level 3 spell: Tukima's Dance
   658 | D:1      | Reached skill level 1 in Invocations
  1091 | D:2      | Reached skill level 1 in Short Blades
  1091 | D:2      | Reached skill level 1 in Long Blades
  1091 | D:2      | Reached skill level 1 in Axes
  1091 | D:2      | Reached skill level 1 in Maces & Flails
  1091 | D:2      | Reached skill level 1 in Polearms
  1091 | D:2      | Reached skill level 1 in Staves
  1091 | D:2      | Reached skill level 1 in Throwing
  1091 | D:2      | Reached skill level 1 in Armour
  1091 | D:2      | Reached skill level 1 in Stealth
  1091 | D:2      | Reached skill level 1 in Shields
  1091 | D:2      | Reached skill level 1 in Unarmed Combat
  1091 | D:2      | Reached skill level 1 in Evocations
  1275 | D:2      | Reached XP level 4. HP: 34/34 MP: 8/8
  1526 | D:2      | Reached skill level 1 in Conjurations
  1526 | D:2      | Reached skill level 1 in Summonings
  1526 | D:2      | Reached skill level 1 in Necromancy
  1526 | D:2      | Reached skill level 1 in Translocations
  1526 | D:2      | Reached skill level 1 in Transmutations
  1526 | D:2      | Reached skill level 1 in Fire Magic
  1526 | D:2      | Reached skill level 1 in Ice Magic
  1526 | D:2      | Reached skill level 1 in Air Magic
  1526 | D:2      | Reached skill level 1 in Earth Magic
  1526 | D:2      | Reached skill level 1 in Poison Magic
  1765 | D:2      | Found an ancient bone altar of Kikubaaqudgha.
  1881 | D:2      | Reached XP level 5. HP: 40/40 MP: 9/9
  2233 | D:3      | Found an iron altar of Okawaru.
  2237 | D:3      | Became a worshipper of Warmaster Okawaru
  2340 | D:3      | Found a white marble altar of Elyvilon.
  2341 | D:3      | Found a sacrificial altar of Ru.
  2691 | D:3      | Found Kunupp's Magic Scroll Boutique.
  2700 | D:3      | Bought a scroll of identify for 26 gold pieces
  2704 | D:3      | Bought a scroll of teleportation for 39 gold pieces
  2704 | D:3      | Bought a scroll of immolation for 52 gold pieces
  3113 | D:4      | Found a glowing drain.
  3128 | Sewer    | Entered a sewer
  3203 | Sewer    | Noticed a kobold brigand
  3211 | Sewer    | Killed a kobold brigand
  3212 | Sewer    | Reached XP level 6. HP: 43/47 MP: 11/11
  3236 | Sewer    | Found a white marble altar of Elyvilon.
  3350 | D:4      | Found a runed translucent door.
  3350 | D:4      | Noticed lokiplouj's ghost (amateur MiBe)
  3472 | D:4      | Noticed Blork the orc
  3489 | D:4      | Killed Blork the orc
  3490 | D:4      | Reached skill level 5 in Ranged Weapons
  3490 | D:4      | Reached skill level 5 in Dodging
  3862 | D:5      | Entered Level 5 of the Dungeon
  4023 | D:5      | Reached * piety under Okawaru
  4024 | D:5      | Reached XP level 7. HP: 52/52 MP: 12/12
  4052 | D:5      | Noticed Ijyb
  4079 | D:5      | Killed Ijyb
  4365 | D:5      | Reached ** piety under Okawaru
  4534 | D:5      | Found a glowing golden altar of the Shining One.
  4581 | D:5      | Reached XP level 8. HP: 34/60 MP: 13/14
  4843 | D:5      | Found Fuawnuecs's Hydra Hut.
  4848 | D:5      | Noticed a six-headed hydra
  5132 | D:6      | Noticed Grinder
  5139 | D:6      | Paralysed by Grinder for 4 turns
  5144 | D:6      | Killed Grinder
  5191 | D:6      | Learned a level 2 spell: Poisonous Vapours
  5203 | D:6      | Noticed Sigmund
  5210 | D:6      | Killed Sigmund
  5210 | D:6      | Reached *** piety under Okawaru
  5211 | D:6      | Reached skill level 5 in Spellcasting
  5211 | D:6      | Reached XP level 9. HP: 64/67 MP: 16/16
  5349 | D:6      | Found a glowing silver altar of Zin.
  5408 | D:6      | Noticed Dowan
  5413 | D:6      | Noticed Duvessa
  5431 | D:6      | Killed Dowan
  5436 | D:6      | Killed Duvessa
  5679 | D:6      | Reached skill level 5 in Fighting
  5808 | D:6      | Learned a level 3 spell: Inner Flame
  6096 | D:6      | Found a staircase to the Ecumenical Temple.
  6227 | D:3      | Bought a scroll of brand weapon for 123 gold pieces
  6232 | D:3      | Bought a scroll of fear for 52 gold pieces
  6360 | D:7      | Reached **** piety under Okawaru
  6394 | D:7      | Reached skill level 5 in Invocations
  6398 | D:7      | Received a gift from Okawaru
  6461 | D:7      | Got Sif Muna's Atlas of Dusty Darkness
  7049 | D:7      | Reached skill level 5 in Conjurations
  7049 | D:7      | Reached skill level 5 in Summonings
  7049 | D:7      | Reached skill level 5 in Necromancy
  7049 | D:7      | Reached skill level 5 in Translocations
  7049 | D:7      | Reached skill level 5 in Transmutations
  7049 | D:7      | Reached skill level 5 in Fire Magic
  7049 | D:7      | Reached skill level 5 in Ice Magic
  7049 | D:7      | Reached skill level 5 in Air Magic
  7049 | D:7      | Reached skill level 5 in Earth Magic
  7049 | D:7      | Reached skill level 5 in Poison Magic
  7049 | D:7      | Reached XP level 10. HP: 77/77 MP: 20/20
  7055 | D:7      | Learned a level 4 spell: Cause Fear
  7059 | D:7      | Learned a level 3 spell: Ignite Poison
  7155 | D:7      | Found a hide-covered altar of Uskayaw.
  7161 | D:7      | Found a bloodstained altar of Trog.
  7163 | D:7      | Found an ornate altar of the Wu Jian Council.
  7217 | D:8      | Noticed a death yak
  7223 | D:8      | Noticed a death yak
  7226 | D:8      | Noticed a death yak
  7229 | D:8      | Noticed a death yak
  7245 | D:7      | Killed a death yak
  7246 | D:7      | Reached XP level 11. HP: 24/84 MP: 9/21
  7339 | D:8      | Found Mink's Armour Boutique.
  7401 | D:8      | Found a staircase to the Lair.
  7449 | D:8      | Found a flagged portal.
  7458 | Bailey   | Entered a bailey
  7490 | Bailey   | Learned a level 3 spell: Mephitic Cloud
  7571 | Bailey   | Reached ***** piety under Okawaru
  7715 | Bailey   | Noticed an orc knight
  7717 | Bailey   | an orc knight changed into a moth of wrath
  7717 | Bailey   | Noticed a moth of wrath
  7720 | Bailey   | Killed a moth of wrath
  7736 | Bailey   | Noticed an orc high priest
  7743 | Bailey   | Killed an orc high priest
  8267 | Bailey   | Acquired the ring of Xom's Attic {rElec rN+ rCorr MP+9
                  | Str+4}
  8306 | Bailey   | Found an iron altar of Okawaru.
  8306 | Bailey   | Noticed an orc sorcerer
  8320 | Bailey   | Killed an orc sorcerer
  8481 | Bailey   | Got the Spellbook of Tainted Transmutation
  8488 | Bailey   | Learned a level 5 spell: Yara's Violent Unravelling
  9120 | D:8      | Found a burning altar of Makhleb.
  9122 | D:8      | Noticed a cacodemon
  9269 | D:8      | Noticed a death yak
  9278 | D:8      | Noticed a death yak
  9282 | D:8      | Noticed a death yak
  9291 | D:8      | Noticed a death yak
  9296 | D:8      | Killed a death yak
  9296 | D:8      | Received a gift from Okawaru
  9845 | D:9      | Noticed Erolcha
  9858 | D:9      | Killed Erolcha
 10664 | D:10     | Entered Level 10 of the Dungeon
 10664 | D:10     | Found Remoogat's Jewellery Shop.
 10719 | D:10     | Noticed a death yak
 10747 | D:10     | Killed a death yak
 10747 | D:10     | Received a gift from Okawaru
 10753 | D:10     | Reached XP level 12. HP: 69/92 MP: 19/23
 10817 | D:10     | Identified the +1 scale mail of Amorality {rN+ Str+3 Int+6
                  | Stlth-} (Okawaru gifted it to you on level 10 of the
                  | Dungeon)
 10817 | D:10     | Received a gift from Okawaru
 11311 | D:10     | Found a basalt altar of Yredelemnul.
 11492 | D:10     | Noticed a two-headed ogre
 11508 | D:10     | Killed a two-headed ogre
 11605 | D:10     | Found a staircase to the Orcish Mines.
 11932 | D:10     | Found a shimmering altar of Xom.
 12025 | D:10     | Bought a ring of poison resistance for 280 gold pieces
 12069 | Lair:1   | Entered Level 1 of the Lair of Beasts
 12582 | Lair:1   | Noticed a boulder beetle
 12597 | Lair:1   | Killed a boulder beetle
 14135 | Lair:2   | Received a gift from Okawaru
 14408 | Lair:2   | Reached XP level 13. HP: 84/99 MP: 25/25
 14781 | Lair:2   | Upgraded the game from 0.30-a0-377-g5cb311bc9f to
                  | 0.30-a0-385-gfebfb9b408
 14900 | D:8      | Bought a +2 pair of gloves of strength for 322 gold pieces
 15165 | Lair:2   | Found a hole to the Spider Nest.
 16235 | Lair:3   | Received a gift from Okawaru
 16408 | Lair:3   | Found a staircase to the Shoals.
 16484 | Lair:3   | Received a gift from Okawaru
 16485 | Lair:3   | Reached skill level 10 in Ranged Weapons
 16485 | Lair:3   | Reached skill level 10 in Dodging
 16645 | Lair:3   | You fall into a shaft and drop 2 floors!
 16645 | Lair:5   | Entered Level 5 of the Lair of Beasts
 16704 | Lair:5   | Found a frozen archway.
 16727 | IceCv    | Entered an ice cave
 16730 | IceCv    | Received a gift from Okawaru
 16886 | IceCv    | Reached ****** piety under Okawaru
 17010 | IceCv    | Received a gift from Okawaru
 17308 | IceCv    | Reached skill level 10 in Invocations
 17479 | IceCv    | Noticed a frost giant
 17486 | IceCv    | Reached XP level 14. HP: 105/109 MP: 27/27
 17488 | IceCv    | Killed a frost giant
 17496 | IceCv    | Received a gift from Okawaru
 19394 | Lair:4   | Reached skill level 10 in Spellcasting
 19589 | Lair:4   | Identified the +7 chain mail of Bitterness {Rampage Fly
                  | rF+}
 19902 | Lair:4   | Reached skill level 10 in Fighting
 20056 | Lair:4   | Found a staircase to the Slime Pits.
 20056 | Lair:4   | Found a viscous altar of Jiyva.
 20063 | Lair:4   | Paralysed by a floating eye for 2 turns
 20700 | Lair:5   | Received a gift from Okawaru
 20888 | Lair:5   | Received a gift from Okawaru
 21008 | Lair:5   | Identified the +6 shadow dragon scales of Ehananin {Str+7
                  | Stlth++++}
 21274 | D:8      | Reached skill level 10 in Hexes
 21302 | D:8      | Received a gift from Okawaru
 21328 | D:8      | Received a gift from Okawaru
 21329 | D:8      | Reached skill level 10 in Short Blades
 21329 | D:8      | Reached skill level 10 in Long Blades
 21329 | D:8      | Reached skill level 10 in Axes
 21329 | D:8      | Reached skill level 10 in Maces & Flails
 21329 | D:8      | Reached skill level 10 in Polearms
 21329 | D:8      | Reached skill level 10 in Staves
 21329 | D:8      | Reached skill level 10 in Throwing
 21329 | D:8      | Reached skill level 10 in Armour
 21329 | D:8      | Reached skill level 10 in Stealth
 21329 | D:8      | Reached skill level 10 in Shields
 21329 | D:8      | Reached skill level 10 in Unarmed Combat
 21329 | D:8      | Reached skill level 10 in Evocations
 21610 | D:4      | Killed lokiplouj's ghost
 21719 | Orc:1    | Entered Level 1 of the Orcish Mines
 21997 | Orc:1    | Paralysed by an orc sorcerer for 2 turns
 22226 | Orc:2    | Entered Level 2 of the Orcish Mines
 22457 | Orc:2    | Noticed Rupert
 22465 | Orc:2    | Noticed Azrael
 22477 | Orc:1    | HP: 13/107 [Rupert/+0 vorpal battleaxe (16)]
 22480 | Orc:1    | Killed Rupert
 23295 | Orc:2    | Reached XP level 15. HP: 117/117 MP: 29/29
 23419 | Orc:2    | Killed Azrael
 23798 | Orc:1    | Found Cddin's Commerce Corner.
 24235 | Orc:2    | Received a gift from Okawaru
 24397 | Orc:2    | Noticed Maurice
 24398 | Orc:2    | Maurice changed into Maurice the ball python
 24398 | Orc:2    | Noticed Maurice
 24400 | Orc:2    | Killed Maurice the ball python
 24448 | Orc:2    | Noticed an orc warlord
 24453 | Orc:2    | Killed an orc warlord
 24862 | Orc:2    | Found a staircase to the Elven Halls.
 24976 | Orc:2    | Found Baoqu's Antique Weapon Boutique.
 25214 | Orc:2    | Found Eneroep's Antique Armour Shoppe.
 25216 | Orc:2    | Found Cachabb's Antique Weapon Emporium.
 25336 | Orc:2    | Received a gift from Okawaru
 25399 | Orc:2    | Found Xuttacol's Antique Armour Boutique.
 25446 | Orc:2    | Bought the +3 greatsling "Punk" {acid, rCorr} for 1095 gold
                  | pieces
 25446 | Orc:2    | Found the +3 greatsling "Punk" {acid, rCorr}
 25998 | D:11     | Received a gift from Okawaru
 26967 | D:12     | Found an opulent altar of Gozag.
 26972 | D:12     | Found Gozag's Platinum Reserve.
 28984 | D:14     | Found a gate to the Vaults.
 28998 | D:14     | Learned a level 5 spell: Borgnjor's Vile Clutch
 29133 | D:15     | Entered Level 15 of the Dungeon
 29212 | D:14     | Received a gift from Okawaru
 29835 | D:14     | Identified the +11 dagger of Scuffed Honour {drain, Will+}
                  | (Okawaru gifted it to you on level 14 of the Dungeon)
 29835 | D:14     | Received a gift from Okawaru
 30311 | D:15     | Found a staircase to the Depths.
 30913 | D:15     | Gained mutation: Your spells are a little easier to cast,
                  | but a little less powerful. [mutagenic glow]
 31198 | D:15     | Upgraded the game from 0.30-a0-385-gfebfb9b408 to
                  | 0.30-a0-389-g8d7d949f56
 31364 | Spider:1 | Entered Level 1 of the Spider Nest
 31373 | Spider:1 | Reached XP level 16. HP: 125/125 MP: 31/31
 31520 | Spider:1 | Identified the +1 leather armour of Fortification {Str+3
                  | Dex+4}
 31559 | Spider:1 | Blown up by a sun moth

Illustrated notes

Levels and vault maps discovered:
D:1:      denvon_arrival_hothouse, layout_basic
D:2:      kennysheep_big_flooded_room, layout_basic, basic_altar
D:3:      layout_loops_ring, mainiacjoe_overflow_six_doors_small,
          mainiacjoe_overflow_divided_tiny, serial_shops, shop
D:4:      layout_rooms, hellmonk_ghost_happy_afterlife,
          cheibrodos_sewer_entry_bend, uniq_blork_the_orc
D:5:      layout_gridville, tso_oasis_becter, doesnt_shop_hydraphobe, uniq_ijyb
D:6:      layout_basic, zin_treasury, minmay_temple_entry_glass, uniq_grinder,
          uniq_sigmund, uniq_duvessa
D:7:      layout_loops_cross, minitemple
D:8:      layout_layer_cave, makhleb_altar_promises_db, dpeg_lair_monsters,
          enter_bailey_8, nicolae_take_the_stairs
D:9:      layout_rooms, uniq_erolcha
D:10:     layout_loops_ring, mainiacjoe_overflow_alcove_4,
          yredelemnul_altar_generic, orc_0_dummy, serial_ice, serial_ice_f,
          serial_ice_c, serial_ice_a, serial_ice_e, serial_ice_g, serial_ice_m,
          serial_ice_i, nicolae_stop_n_shop_2, corner_web_ring,
          minmay_misc_feat_nine_boxes
D:11:     layout_big_octagon, serial_glass, glass_columns_c, glass_columns_a,
          minmay_strange_pillars, feat_on_display, item_on_display_a
D:12:     layout_rooms, nicolae_gozag_zags_fifth_avenue
D:13:     layout_loops_ring
D:14:     layout_irregular_city, david_vaults_4
D:15:     hangedman_depths_entry_try_elsewhere_first, layout_cave_pods,
          minmay_crystal_water
Lair:1:   lemuel_slime, layout_small_grid
Lair:2:   layout_regular_city, hellmonk_spider_entry_life_and_decay,
          kennysheep_abandoned_house, infiniplex_staircase_pool_2
Lair:3:   layout_misc_corridors, shoals_dummy_entry, grunt_megastairs_2,
          lemuel_fruit_tree
Lair:4:   layout_hall_layers, minmay_slime_entry_eyes, serial_bayou_shore_b,
          serial_bayou_shore_a, lemuel_fruit_fields
Lair:5:   grunt_lair_end_beastmaster, layout_cellular_growth,
          portal_ice_cave_demonic_guard
Spider:1: layout_spider_delve
Orc:1:    layout_caves, nicolae_alphabet_shops
Orc:2:    grunt_orc_community_town_hall, layout_diamond_mine,
          grunt_orc_community_big_house_1, grunt_orc_community_big_house_2,
          grunt_orc_community_house_1, grunt_orc_community_house_2,
          grunt_orc_community_house_3, grunt_orc_community_house_1,
          grunt_orc_community_house_2, uniq_maurice, uniq_azrael, uniq_rupert

Skill      XL: |  1  2  3  4  5  6  7  8  9 10 11 12 13 14 15 16 |
---------------+-------------------------------------------------+-----
Invocations    | 1 2 3 4 6 7 8 9 10 11 | 11.9
Short Blades   | 1 2 3 4 6 7 8 9 10 11 | 11.0
Long Blades    | 1 2 3 4 6 7 8 9 10 11 | 11.0
Axes           | 1 2 3 4 6 7 8 9 10 11 | 11.0
Maces & Flails | 1 2 3 4 6 7 8 9 10 11 | 11.0
Polearms       | 1 2 3 4 6 7 8 9 10 11 | 11.0
Staves         | 1 2 3 4 6 7 8 9 10 11 | 11.0
Throwing       | 1 2 3 4 6 7 8 9 10 11 | 11.0
Armour         | 1 2 3 4 6 7 8 9 10 11 | 11.0
Stealth        | 1 2 3 4 6 7 8 9 10 11 | 11.0
Shields        | 1 2 3 4 6 7 8 9 10 11 | 11.0
Unarmed Combat | 1 2 3 4 6 7 8 9 10 11 | 11.0
Evocations     | 1 2 3 4 6 7 8 9 10 11 | 11.0
Spellcasting   | 3 4 5 7 8 9 10 11 | 11.3
Conjurations   | 1 2 3 5 6 7 8 9 |  9.2
Summonings     | 1 2 3 5 6 7 8 9 |  9.2
Necromancy     | 1 2 3 5 6 7 8 9 |  9.2
Translocations | 1 2 3 5 6 7 8 9 |  9.2
Transmutations | 1 2 3 5 6 7 8 9 |  9.2
Fire Magic     | 1 2 3 5 6 7 8 9 |  9.2
Ice Magic      | 1 2 3 5 6 7 8 9 |  9.2
Air Magic      | 1 2 3 5 6 7 8 9 |  9.2
Earth Magic    | 1 2 3 5 6 7 8 9 |  9.2
Poison Magic   | 1 2 3 5 6 7 8 9 |  9.2
Fighting       | 3 4 6 7 8 9 10 11 | 11.3
Ranged Weapons | 5 6 7 8 9 10 11 | 11.9
Dodging        | 5 6 7 8 9 10 11 | 11.9
Hexes          | 6 7 8 9 10 | 10.7

Action                   |  1- 3 |  4- 6 |  7- 9 | 10-12 | 13-15 | 16-18 || total
-------------------------+-------+-------+-------+-------+-------+-------++-------
Melee: Club              |       |       |    41 |       |       |       ||    41
       Bite              |       |       |    11 |    60 |   142 |     6 ||   219
       Punch             |       |       |     5 |    20 |    62 |       ||    87
       Dagger            |       |       |    51 |   156 |   116 |    21 ||   344
       Flail             |       |       |       |    24 |     6 |       ||    30
       Short sword       |       |       |       |   150 |   202 |       ||   352
       Long sword        |       |       |       |       |   100 |       ||   100
       Quick blade       |       |       |       |       |   395 |    19 ||   414
       Dire flail        |       |       |       |       |    36 |       ||    36
 Fire: Sling             |   108 |    43 |     1 |       |       |       ||   152
       Shortbow          |       |   142 |   203 |   407 |   649 |       ||  1401
       Arbalest          |       |       |       |     3 |       |       ||     3
       Greatsling        |       |       |       |       |   329 |    17 ||   346
Throw: Dart              |       |     1 |       |       |    30 |       ||    31
       Javelin           |       |       |       |       |     8 |       ||     8
 Cast: Slow              |     4 |    11 |    18 |    12 |    11 |       ||    56
       Tukima's Dance    |     2 |     7 |       |       |       |       ||     9
       Poisonous Vapours |       |       |     6 |    11 |    17 |       ||    34
       Inner Flame       |       |       |     3 |     2 |     2 |       ||     7
       Mephitic Cloud    |       |       |       |     5 |    40 |       ||    45
       Cause Fear        |       |       |       |     1 |     2 |       ||     3
       Ignite Poison     |       |       |       |     1 |    31 |       ||    32
       Yara's Violent Un |       |       |       |       |     9 |       ||     9
Invok: Heroism           |       |       |     2 |     5 |     2 |       ||     9
       Finesse           |       |       |       |     2 |       |       ||     2
Evoke: Wand              |       |       |     3 |    14 |    18 |       ||    35
       Lightning rod     |       |       |       |     4 |    19 |       ||    23
  Use: Scroll            |       |    11 |     9 |     6 |    17 |       ||    43
       Potion            |       |       |     2 |       |     2 |       ||     4
 Stab: Sleeping          |       |       |     1 |       |     2 |       ||     3
       Invisible         |       |       |       |     1 |       |       ||     1
       Confused          |       |       |       |       |     2 |       ||     2
       Petrified         |       |       |       |       |     2 |       ||     2
       Paralysed         |       |       |       |       |     1 |       ||     1
Armor: Robe              |     5 |    17 |       |       |       |       ||    22
       Ring mail         |       |     9 |    56 |    45 |       |       ||   110
       Scale mail        |       |       |       |    65 |   203 |       ||   268
       Shadow dragon sca |       |       |       |       |   332 |     9 ||   341
Dodge: Dodged            |    40 |    64 |   114 |   303 |   637 |     6 ||  1164
Block: Buckler           |       |       |       |       |    78 |     8 ||    86

Table legend: (Time is in decaauts)
 A = Elapsed time spent in this place.
 B = Non-inter-level travel time spent in this place.
 C = Inter-level travel time spent in this place.
 D = Time resting spent in this place.
 E = Time spent auto-exploring this place.
 F = Levels seen in this place.
 G = Mean time per level.
                   A        B        C        D        E       F      G
               +--------+--------+--------+--------+--------+-----+--------+
         Total |  31276 |  28307 |   2969 |   6492 |  15199 |  26 | 1202.9 |
       Dungeon |  16944 |  15227 |   1717 |   2069 |   9992 |  15 | 1129.6 |
          Lair |   8086 |   7127 |    959 |   1783 |   3697 |   5 | 1617.2 |
   Spider Nest |    167 |    167 |      0 |     92 |     18 |   1 |  167.0 |
  Orcish Mines |   3576 |   3284 |    292 |   1538 |   1082 |   2 | 1788.0 |
         Sewer |    177 |    177 |      0 |      0 |    113 |   1 |  177.0 |
        Bailey |   1211 |   1211 |      0 |    512 |    145 |   1 | 1211.0 |
      Ice Cave |   1111 |   1111 |      0 |    498 |    151 |   1 | 1111.0 |
               +--------+--------+--------+--------+--------+-----+--------+

Top non-repeatable levels by time:
   Orc:2: 2273 daAuts
  Lair:1: 2048 daAuts
  Lair:5: 1997 daAuts
     D:8: 1976 daAuts
  Lair:2: 1833 daAuts
    D:10: 1604 daAuts
    D:13: 1388 daAuts
   Orc:1: 1303 daAuts
     D:5: 1299 daAuts
  Lair:4: 1273 daAuts
  Bailey: 1211 daAuts
     D:2: 1210 daAuts
    D:15: 1206 daAuts
    D:14: 1186 daAuts
     D:6: 1124 daAuts
